| TOP OF THE 1ST |
|
St. Louis Cardinals batting - Pitching for Cincinnati Reds : LHP Marco Berrios
|
|
Pitching: LHP Marco Berrios
|
|
|
Batting: RHB Mike Bates
|
0-0: Ball 1-0: Ball 2-0: Ball 3-0: Called Strike 3-1: Called Strike 3-2: Foul Ball, location: 2F 3-2: Foul Ball, location: 2F 3-2: Base on Balls
|
|
Batting: LHB Ichiro Toyota
|
0-0: Called Strike 0-1: Called Strike 0-2: Ball 1-2: Foul Ball, location: 2F 1-2: Ball 2-2: Ball 3-2: Foul Ball, location: 2F 3-2: Foul Ball, location: 2F 3-2: Foul Ball, location: 2F 3-2: SINGLE (Groundball, 34S, EV 68.8 MPH) (infield hit) Mike Bates to second
|
|
Batting: SHB Chris Blue
|
0-0: Ball 1-0: Called Strike 1-1: Called Strike 1-2: Grounds into double play, 4-6-3 (Groundball, 4, EV 101.9 MPH) Mike Bates to third
|
|
Batting: RHB Danny Gallo
|
0-0: Foul Ball, location: 2F 0-1: Fly out, F9 (Flyball, 9D, EV 93.8 MPH)
|
| Top of the 1st over - 0 runs, 1 hit, 0 errors, 1 left on base; St. Louis 0 - Cincinnati 0 |
| BOTTOM OF THE 1ST |
|
Cincinnati Reds batting - Pitching for St. Louis Cardinals : LHP Nate Crow
|
|
Pitching: LHP Nate Crow
|
|
|
Batting: SHB Jun Tsuda
|
0-0: Swinging Strike 0-1: SINGLE (Groundball, 25, EV 68.8 MPH) (infield hit)
|
|
Batting: RHB Tony Casas
|
0-0: Ball 1-0: Ball 2-0: Fly out, F7 (Flyball, 7LM, EV 91.2 MPH)
|
|
Batting: LHB Chris Grunwald
|
0-0: Called Strike 0-1: Ball Jun Tsuda steals 2nd base 1-1: Ball 2-1: Foul Ball, location: 2F 2-2: Strikes out swinging
|
|
Batting: SHB Dave Barefoot
|
0-0: Ball 1-0: Swinging Strike 1-1: Foul Ball, location: 2F 1-2: Ball 2-2: 2-RUN HOME RUN (Flyball, 78XD, EV 108.1 MPH), Distance : 425 ft
|
|
Batting: RHB Steve Castleberry
|
0-0: Ball 1-0: Ball 2-0: Called Strike 2-1: Called Strike 2-2: Strikes out swinging
|
| Bottom of the 1st over - 2 runs, 2 hits, 0 errors, 0 left on base; St. Louis 0 - Cincinnati 2 |
| TOP OF THE 2ND |
|
St. Louis Cardinals batting - Pitching for Cincinnati Reds : LHP Marco Berrios
|
|
Batting: SHB Jason Kirby
|
0-0: Swinging Strike 0-1: Called Strike 0-2: SINGLE (Flyball, 8LS, EV 90.0 MPH)
|
|
Batting: LHB Pat Sutton
|
0-0: SINGLE (Groundball, 34, EV 95.0 MPH) Jason Kirby to second Runner from 2nd tries for 3rd, SAFE, throw by RF made to third
|
|
Batting: LHB Billy Guzman
|
0-0: Called Strike 0-1: Foul Ball, location: 2F 0-2: Fly out, F5 (Line Drive, 5, EV 70.0 MPH)
|
|
Batting: LHB Armando Carbajal
|
0-0: Fly out, F8 (Flyball, 8LM, EV 85.6 MPH)
|
|
Batting: LHB John Bailey
|
0-0: Ball 1-0: Foul Ball, location: 2F 1-1: Called Strike 1-2: Ball 2-2: Foul Ball, location: 2F 2-2: Ball 3-2: Ground out 6-3 (Groundball, 4MD, EV 84.4 MPH)
|
| Top of the 2nd over - 0 runs, 2 hits, 0 errors, 2 left on base; St. Louis 0 - Cincinnati 2 |
| BOTTOM OF THE 2ND |
|
Cincinnati Reds batting - Pitching for St. Louis Cardinals : LHP Nate Crow
|
|
Batting: RHB Omar Quintana
|
0-0: Called Strike 0-1: Ground out 6-3 (Groundball, 6, EV 83.8 MPH)
|
|
Batting: RHB Joseph Kirchmann
|
0-0: Called Strike 0-1: Ball 1-1: Ball 2-1: Swinging Strike 2-2: Ball 3-2: Foul Ball, location: 2F 3-2: Foul Ball, location: 2F 3-2: Base on Balls
|
|
Batting: LHB Antonio Figueroa
|
0-0: Called Strike 0-1: Called Strike Joseph Kirchmann is caught stealing 2nd base 2-6 0-2: Strikes out swinging
|
| Bottom of the 2nd over - 0 runs, 0 hits, 0 errors, 0 left on base; St. Louis 0 - Cincinnati 2 |
| TOP OF THE 3RD |
|
St. Louis Cardinals batting - Pitching for Cincinnati Reds : LHP Marco Berrios
|
|
Batting: RHB Mike Bates
|
0-0: Called Strike 0-1: Ball 1-1: Foul Ball, location: 2F 1-2: Ball 2-2: Ball 3-2: SOLO HOME RUN (Flyball, 78XD, EV 102.5 MPH), Distance : 392 ft
|
|
Batting: LHB Ichiro Toyota
|
0-0: Ground out 5-3 (Groundball, 56, EV 91.2 MPH)
|
|
Batting: SHB Chris Blue
|
0-0: Ball 1-0: Called Strike 1-1: DOUBLE (Flyball, 9LD, EV 108.8 MPH)
|
|
Batting: RHB Danny Gallo
|
0-0: Ball 1-0: Called Strike 1-1: Ball 2-1: Foul Ball, location: 2F 2-2: SINGLE (Groundball, 4MD, EV 101.9 MPH) Chris Blue to third Runner from 3rd tries for Home, SAFE, throw by CF to home
|
|
Batting: SHB Jason Kirby
|
0-0: Called Strike 0-1: Called Strike 0-2: Ball 1-2: Foul Ball, location: 2F 1-2: Foul Ball, location: 2F 1-2: Grounds into double play, 5-4-3 (Groundball, 56, EV 102.5 MPH)
|
| Top of the 3rd over - 2 runs, 3 hits, 0 errors, 0 left on base; St. Louis 2 - Cincinnati 2 |
| BOTTOM OF THE 3RD |
|
Cincinnati Reds batting - Pitching for St. Louis Cardinals : LHP Nate Crow
|
|
Batting: RHB Bruno André
|
0-0: Foul Ball, location: 2F 0-1: Ball 1-1: SINGLE (Groundball, 34, EV 106.9 MPH)
|
|
Batting: SHB Jun Tsuda
|
0-0: Called Strike Bruno André is caught stealing 2nd base 2-4 0-1: Called Strike 0-2: Strikes out looking
|
|
Batting: RHB Tony Casas
|
0-0: Ball 1-0: Ball 2-0: SINGLE (Groundball, 56D, EV 95.6 MPH)
|
|
Batting: LHB Chris Grunwald
|
0-0: Called Strike 0-1: Foul Ball, location: 2F 0-2: Foul Ball, location: 2F 0-2: Ground out 4-3 (Groundball, 34, EV 90.0 MPH)
|
| Bottom of the 3rd over - 0 runs, 2 hits, 0 errors, 1 left on base; St. Louis 2 - Cincinnati 2 |
| TOP OF THE 4TH |
|
St. Louis Cardinals batting - Pitching for Cincinnati Reds : LHP Marco Berrios
|
|
Batting: LHB Pat Sutton
|
0-0: Foul Ball, location: 2F 0-1: Called Strike 0-2: Ball 1-2: Ball 2-2: Fly out, F7 (Flyball, 78M, EV 92.5 MPH)
|
|
Batting: LHB Billy Guzman
|
0-0: Called Strike 0-1: Called Strike 0-2: Strikes out swinging
|
|
Batting: LHB Armando Carbajal
|
0-0: Ball 1-0: Ground out 4-3 (Groundball, 4, EV 87.5 MPH)
|
| Top of the 4th over - 0 runs, 0 hits, 0 errors, 0 left on base; St. Louis 2 - Cincinnati 2 |
| BOTTOM OF THE 4TH |
|
Cincinnati Reds batting - Pitching for St. Louis Cardinals : LHP Nate Crow
|
|
Batting: SHB Dave Barefoot
|
0-0: Ball 1-0: Fly out, F7 (Flyball, 7LM, EV 89.4 MPH)
|
|
Batting: RHB Steve Castleberry
|
0-0: Swinging Strike 0-1: Fly out, F8 (Flyball, 8LD, EV 99.4 MPH)
|
|
Batting: RHB Omar Quintana
|
0-0: Ground out 6-3 (Groundball, 56, EV 87.5 MPH)
|
| Bottom of the 4th over - 0 runs, 0 hits, 0 errors, 0 left on base; St. Louis 2 - Cincinnati 2 |
| TOP OF THE 5TH |
|
St. Louis Cardinals batting - Pitching for Cincinnati Reds : LHP Marco Berrios
|
|
Batting: LHB John Bailey
|
0-0: Called Strike 0-1: Ball 1-1: Swinging Strike 1-2: Ball 2-2: Strikes out looking
|
|
Batting: RHB Mike Bates
|
0-0: Called Strike 0-1: Ground out 1-3 (Groundball, 13, EV 76.9 MPH)
|
|
Batting: LHB Ichiro Toyota
|
0-0: Called Strike 0-1: Foul Ball, location: 2F 0-2: Ball 1-2: Ball 2-2: Ground out 1-3 (Groundball, 15S, EV 71.9 MPH)
|
| Top of the 5th over - 0 runs, 0 hits, 0 errors, 0 left on base; St. Louis 2 - Cincinnati 2 |
| BOTTOM OF THE 5TH |
|
Cincinnati Reds batting - Pitching for St. Louis Cardinals : LHP Nate Crow
|
|
Batting: RHB Joseph Kirchmann
|
0-0: Called Strike 0-1: Swinging Strike 0-2: Strikes out swinging
|
|
Batting: LHB Antonio Figueroa
|
0-0: Called Strike 0-1: Foul Ball, location: 2F 0-2: Ball 1-2: Foul Ball, location: 2F 1-2: Ball 2-2: Strikes out swinging
|
|
Batting: RHB Bruno André
|
0-0: Ball 1-0: Ball 2-0: Swinging Strike 2-1: Ball 3-1: Foul Ball, location: 2F 3-2: Base on Balls
|
|
Batting: SHB Jun Tsuda
|
0-0: Fly out, F7 (Flyball, 78XD, EV 108.1 MPH)
|
| Bottom of the 5th over - 0 runs, 0 hits, 0 errors, 1 left on base; St. Louis 2 - Cincinnati 2 |
| TOP OF THE 6TH |
|
St. Louis Cardinals batting - Pitching for Cincinnati Reds : LHP Marco Berrios
|
|
Batting: SHB Chris Blue
|
0-0: Ball 1-0: Ball 2-0: Ball 3-0: Called Strike 3-1: Base on Balls
|
|
Batting: RHB Danny Gallo
|
0-0: Called Strike 0-1: Foul Ball, location: 2F 0-2: Ball 1-2: Fly out, F3 (Popup, 23, EV 85.6 MPH)
|
|
Batting: SHB Jason Kirby
|
0-0: Called Strike 0-1: Swinging Strike 0-2: Ball 1-2: Fielders Choice at 2nd, 6-4 (Groundball, 6M, EV 83.1 MPH)
|
|
Batting: LHB Pat Sutton
|
0-0: Foul Ball, location: 2F 0-1: Swinging Strike 0-2: Ball 1-2: Strikes out swinging
|
| Top of the 6th over - 0 runs, 0 hits, 0 errors, 1 left on base; St. Louis 2 - Cincinnati 2 |
| BOTTOM OF THE 6TH |
|
Cincinnati Reds batting - Pitching for St. Louis Cardinals : LHP Nate Crow
|
|
Batting: RHB Tony Casas
|
0-0: Called Strike 0-1: Ball 1-1: Ground out 6-3 (Groundball, 6S, EV 83.8 MPH)
|
|
Batting: LHB Chris Grunwald
|
0-0: Ball 1-0: Foul Ball, location: 2F 1-1: Swinging Strike 1-2: Ball 2-2: Ball 3-2: Foul Ball, location: 2F 3-2: SINGLE (Groundball, 6S, EV 76.2 MPH) (infield hit)
|
|
Batting: SHB Dave Barefoot
|
0-0: Called Strike 0-1: Called Strike 0-2: Ball 1-2: Fly out, F7 (Flyball, 7S, EV 89.4 MPH)
|
|
Batting: RHB Steve Castleberry
|
0-0: Called Strike 0-1: Swinging Strike 0-2: Ball 1-2: Ground out 4-3 (Groundball, 4, EV 104.4 MPH)
|
| Bottom of the 6th over - 0 runs, 1 hit, 0 errors, 1 left on base; St. Louis 2 - Cincinnati 2 |
| TOP OF THE 7TH |
|
St. Louis Cardinals batting - Pitching for Cincinnati Reds : LHP Marco Berrios
|
|
Batting: LHB Billy Guzman
|
0-0: Ball 1-0: Foul Ball, location: 2F 1-1: SOLO HOME RUN (Flyball, 8RXD, EV 103.8 MPH), Distance : 409 ft
|
|
Batting: LHB Armando Carbajal
|
0-0: Fly out, F7 (Flyball, 78S, EV 90.0 MPH)
|
|
Batting: LHB John Bailey
|
0-0: SINGLE (Line Drive, 6D, EV 95.0 MPH)
|
|
Pitching: LHP Antonio Diaz
|
|
|
Batting: RHB Mike Bates
|
0-0: Foul Ball, location: 2F 0-1: Ball Wild Pitch! John Bailey to second 1-1: Ball 2-1: Ball 3-1: Called Strike 3-2: Base on Balls
|
|
Batting: LHB Ichiro Toyota
|
0-0: Foul Ball, location: 2F 0-1: Ball 1-1: 3-RUN HOME RUN (Flyball, 9D, EV 100.6 MPH), Distance : 383 ft
|
|
Batting: SHB Chris Blue
|
0-0: Ball 1-0: Ball 2-0: Foul Ball, location: 2F 2-1: Ground out 1-3 (Groundball, 34S, EV 76.9 MPH)
|
|
Batting: RHB Danny Gallo
|
0-0: Foul Ball, location: 2F 0-1: Ground out 5-3 (Groundball, 56S, EV 88.1 MPH)
|
| Top of the 7th over - 4 runs, 3 hits, 0 errors, 0 left on base; St. Louis 6 - Cincinnati 2 |
| BOTTOM OF THE 7TH |
|
Cincinnati Reds batting - Pitching for St. Louis Cardinals : LHP Nate Crow
|
|
Batting: RHB Omar Quintana
|
0-0: Called Strike 0-1: Foul Ball, location: 2F 0-2: Ball 1-2: Strikes out looking
|
|
Batting: RHB Joseph Kirchmann
|
0-0: Called Strike 0-1: Fly out, F3 (Popup, 3DF, EV 68.1 MPH)
|
|
Batting: LHB Antonio Figueroa
|
0-0: Ground out 5-3 (Groundball, 56, EV 81.9 MPH)
|
| Bottom of the 7th over - 0 runs, 0 hits, 0 errors, 0 left on base; St. Louis 6 - Cincinnati 2 |
| TOP OF THE 8TH |
|
St. Louis Cardinals batting - Pitching for Cincinnati Reds : LHP Antonio Diaz
|
|
Batting: SHB Jason Kirby
|
0-0: Ball 1-0: Ball 2-0: Swinging Strike 2-1: SINGLE (Line Drive, 9LS, EV 85.6 MPH)
|
|
Batting: LHB Pat Sutton
|
0-0: Ball 1-0: Ball 2-0: DOUBLE (Flyball, 89D, EV 86.9 MPH) Jason Kirby to third
|
|
Batting: LHB Billy Guzman
|
0-0: Intentional Walk
|
|
Batting: LHB Armando Carbajal
|
0-0: Ball 1-0: Swinging Strike 1-1: Ball 2-1: Swinging Strike 2-2: Foul Ball, location: 2F 2-2: Strikes out swinging
|
|
Batting: LHB John Bailey
|
0-0: Called Strike 0-1: Ball 1-1: Ball 2-1: SINGLE (Flyball, 56D, EV 95.6 MPH) Jason Kirby scores Pat Sutton to third Billy Guzman to second Runner from 3rd tries for Home, throw by LF and OUT! 7-2
|
|
Batting: RHB Mike Bates
|
0-0: Ball 1-0: Foul Ball, location: 2F 1-1: Fly out, F7 (Flyball, 78M, EV 81.2 MPH)
|
| Top of the 8th over - 1 run, 3 hits, 0 errors, 2 left on base; St. Louis 7 - Cincinnati 2 |
| BOTTOM OF THE 8TH |
|
Cincinnati Reds batting - Pitching for St. Louis Cardinals : LHP Nate Crow
|
|
Batting: RHB Bruno André
|
0-0: Fly out, F8 (Flyball, 8RS, EV 77.5 MPH)
|
|
Batting: SHB Jun Tsuda
|
0-0: Foul Ball, location: 2F 0-1: Ground out 5-3 (Groundball, 56S, EV 70.6 MPH)
|
|
Batting: RHB Tony Casas
|
0-0: Called Strike 0-1: Ball 1-1: Called Strike 1-2: Strikes out looking
|
| Bottom of the 8th over - 0 runs, 0 hits, 0 errors, 0 left on base; St. Louis 7 - Cincinnati 2 |
| TOP OF THE 9TH |
|
St. Louis Cardinals batting - Pitching for Cincinnati Reds : LHP Antonio Diaz
|
|
Batting: LHB Ichiro Toyota
|
0-0: Foul Ball, location: 2F 0-1: Ball 1-1: Ball 2-1: Ball 3-1: Base on Balls
|
|
Batting: SHB Chris Blue
|
0-0: Called Strike 0-1: Ball 1-1: Called Strike 1-2: Fielders Choice at 2nd, 1-4 (Groundball, P, EV 73.1 MPH)
|
|
Batting: RHB Danny Gallo
|
0-0: Ball 1-0: Foul Ball, location: 2F 1-1: Ball 2-1: Ball 3-1: Base on Balls Chris Blue to second
|
|
Batting: SHB Jason Kirby
|
0-0: SINGLE (Line Drive, 89S, EV 104.4 MPH) Chris Blue to third Danny Gallo to second Runner from 3rd tries for Home, throw by RF and OUT! 9-2
|
|
Pitching: RHP Constantino Chamisso
|
|
|
Batting: LHB Pat Sutton
|
0-0: Ball 1-0: Ground out 4-3 (Groundball, 34, EV 100.0 MPH)
|
| Top of the 9th over - 0 runs, 1 hit, 0 errors, 2 left on base; St. Louis 7 - Cincinnati 2 |
| BOTTOM OF THE 9TH |
|
Cincinnati Reds batting - Pitching for St. Louis Cardinals : LHP Nate Crow
|
|
Batting: LHB Chris Grunwald
|
0-0: SINGLE (Groundball, 4M, EV 103.1 MPH) (infield hit)
|
|
Pitching: RHP Dave Crouch
|
|
|
Batting: SHB Dave Barefoot
|
0-0: Foul Ball, location: 2F 0-1: Swinging Strike 0-2: Ball 1-2: Ball 2-2: Strikes out looking
|
|
Pinch Hitting: LHB Ricky Ayon
|
0-0: Ball 1-0: Called Strike 1-1: Swinging Strike 1-2: Hit by Pitch Chris Grunwald to second
|
|
Batting: RHB Omar Quintana
|
0-0: Called Strike 0-1: Ball 1-1: Ball 2-1: Foul Ball, location: 2F 2-2: Ball 3-2: Base on Balls Chris Grunwald to third Ricky Ayon to second
|
|
Batting: RHB Joseph Kirchmann
|
0-0: Ball 1-0: Ball 2-0: Ball 3-0: Called Strike 3-1: Fly out, F7 (Line Drive, 7, EV 88.8 MPH)
|
|
Batting: LHB Antonio Figueroa
|
0-0: Ball 1-0: Called Strike 1-1: Swinging Strike 1-2: Ball 2-2: Foul Ball, location: 2F 2-2: Foul Ball, location: 2F 2-2: Foul Ball, location: 2F 2-2: Ball 3-2: Fly out, F8 (Flyball, 8LM, EV 89.4 MPH)
|
| Bottom of the 9th over - 0 runs, 1 hit, 0 errors, 3 left on base; St. Louis 7 - Cincinnati 2 |
|